 Dungeon Crawl Stone Soup version 0.16-a0-3219-g20c30b8 (webtiles) character file.

15848 PolkaDot the Nimble (level 12, -13/58 HPs)
             Began as a Spriggan Gladiator on Dec 21, 2014.
             Was a High Priest of Qazlal.
             Mangled by an orc warrior
             ... wielding a +0 halberd
              (17 damage)
             ... in a bailey.
             The game lasted 00:41:40 (15360 turns).

PolkaDot the Nimble (Spriggan Gladiator)           Turns: 15360, Time: 00:41:40

Health: -13/58     AC: 11    Str: 16    XL:     12   Next: 4%
Magic:  29/29      EV: 31    Int: 11    God:    Qazlal [*****.]
Gold:   595        SH:  7    Dex: 20    Spells: 2 memorised, 2 levels left

rFire  . . .     SeeInvis +     a - +1 quarterstaff
rCold  . . .     Clarity  .     b - +0 animal skin
rNeg   . . .     SustAb   .     (shield restricted)
rPois  .         Gourm    .     c - +0 hat
rElec  .         Spirit   .     (no cloak)
rCorr  .         Warding  .     (gloves unavailable)
rMut   .         Stasis   .     (boots unavailable)
MR     ++...                    n - amulet of rage
Stlth  +.........               r - ring of wizardry
                                v - +6 ring of protection

@: mighty, protected from physical damage, repel missiles, very quick, very
resistant to hostile enchantments, very unstealthy
A: unfitting armour, see invisible, herbivore 3, speed 3, slow metabolism 2
a: Upheaval, Elemental Force, Disaster Area, Renounce Religion, Evoke Berserk
Rage


You were in a bailey.
You worshipped Qazlal.
Qazlal was extremely pleased with you.
You were not hungry.

You visited 2 branches of the dungeon, and saw 13 of its levels.
You also visited: Bailey.

You collected 595 gold pieces.

Inventory:

Hand weapons
 a - a +1 quarterstaff (weapon)
Missiles
 E - 2 throwing nets (quivered)
Armour
 b - a +0 animal skin (worn)
 c - a +0 hat (worn)
Jewellery
 n - an amulet of rage (around neck)
 r - a ring of wizardry (right hand)
 u - an uncursed amulet of resist corrosion
 v - a +6 ring of protection (left hand)
Magical devices
 d - a wand of enslavement (0)
Scrolls
 e - 2 scrolls of immolation
 g - 4 scrolls of recharging
 h - 2 scrolls of enchant armour
 l - 2 scrolls of teleportation
 o - 3 scrolls of enchant weapon
 s - 2 scrolls of blinking
 t - a scroll of fear
 x - a scroll of amnesia
 z - 2 scrolls of remove curse
 A - 2 scrolls of fog
Potions
 i - a potion of cure mutation {!q}
 q - a potion of brilliance
 B - a potion of magic
Books
 j - a book of the Sky

   Spells                             Type                      Level
   a - Flight                         Charms/Air                   3
   b - Airstrike                      Air                          4
   c - Silence                        Hexes/Air                    5
   d - Deflect Missiles               Charms/Air                   6
   e - Conjure Ball Lightning         Conjuration/Air              6
   f - Tornado                        Air                          9
 y - a book of Beasts

   Spells                             Type                      Level
   a - Summon Butterflies             Summoning                    1
   b - Call Canine Familiar           Summoning                    3
   c - Summon Ice Beast               Ice/Summoning                4
   d - Summon Mana Viper              Hexes/Summoning              5
   e - Monstrous Menagerie            Summoning                    6
   f - Summon Hydra                   Summoning                    7
 G - a book of Annihilations {highlevel, unknown}

   This book is beyond your current level of understanding.

   Spells                             Type                      Level
   a - Poison Arrow                   Conjuration/Poison           6
   b - Chain Lightning                Conjuration/Air              8
   c - Lehudib's Crystal Spear        Conjuration/Earth            8
   d - Glaciate                       Conjuration/Ice              9
   e - Fire Storm                     Conjuration/Fire             9
Comestibles
 f - 8 bread rations
 k - 3 slices of pizza


   Skills:
 - Level 4.4 Fighting
 * Level 11.0 Staves
 - Level 2.1 Throwing
 - Level 12.8 Dodging
 - Level 6.8 Stealth
 + Level 4.3 Invocations
 + Level 10.3 Evocations


You had 2 spell levels left.
You knew the following spells:

 Your Spells              Type           Power        Failure   Level  Hunger
D - Deflect Missiles      Chrm/Air       #.........   100%        6    #######
F - Flight                Chrm/Air       #.........   58%         3    ####...


Dungeon Overview and Level Annotations

Branches:
Dungeon (12/15)            Temple (1/1) D:5            Lair (0/8) D:8
    Orc (0/4) D:11

Altars:
Ashenzari
Cheibriados
Dithmenos
Elyvilon
Fedhas
Gozag
Kikubaaqudgha
Makhleb
Nemelex Xobeh
Okawaru
Qazlal
Ru
Sif Muna
Trog
Vehumet
Xom
Yredelemnul
Zin
The Shining One


Innate Abilities, Weirdness & Mutations

You are tiny and cannot use many weapons and most armour.
You have supernaturally acute eyesight.
You are a herbivore.
You cover ground extremely quickly.
You need consume almost no food.


Message History

The orc warrior misses you.
You hit the orc warrior but do no damage.
The orc warrior is severely wounded.
You closely miss the orc warrior.
The orc warrior is severely wounded.
The orc warrior completely misses you.
You hit the orc warrior but do no damage.
The orc warrior is severely wounded.
The orc warrior hits you with a halberd!!
* * * LOW HITPOINT WARNING * * *
You feel protected from physical attacks.
You hit the orc warrior.
The orc warrior is severely wounded.
You closely miss the orc warrior.
The orc warrior is severely wounded.
You block the orc warrior's attack.
Drink which item? (? for menu, Esc to quit)
You feel very mighty all of a sudden.
The orc warrior hits you with a halberd!
You die...

############ #####
##.∩........## ##....
#.....§§§....######.o...
#.....)§§...)#.)$)#))...
#∩...§)@§.).)).)..)o))..
#......o.§...#....#.))..
#......§.....######.§...
##.∩..)).)..## ##....
############ #####


You could see an orc warrior.

Vanquished Creatures
  The ghost of Uberwunderbarhen the Covert, a powerful SpEn of Ashenzari (Bailey)
  The ghost of Broomstick the Basher, an experienced NaFi of Ashenzari (Bailey)
  An unseen horror (D:10)
  A hill giant (D:11)
  Pikel (D:4)
  A cyclops (D:11)
  A two-headed ogre (D:11)
  A troll (D:9)
  A shadow (D:11)
  14 yaks
  2 wyverns
  2 deep elf magi
  A deep elf fighter (D:8)
  2 hungry ghosts
  2 hippogriffs
  A soldier ant (D:10)
  A water moccasin (D:8)
  2 wargs (D:11)
  2 ice beasts
  4 phantoms
  7 centaurs
  A sky beast (D:6)
  3 eyes of draining
  9 ogres
  6 necrophages (D:7)
  2 crocodiles
  11 orc warriors
  The ghost of Chiseanne the Magician, an average DsWz (D:4)
  Sigmund (D:2)
  12 giant frogs
  2 big kobolds
  A water moccasin skeleton (D:9)
  6 scorpions
  11 wights
  10 killer bees
  2 goliath beetles (D:7)
  4 crimson imps
  5 giant frog zombies
  A centaur zombie (D:7)
  4 hounds
  2 jellies (D:7)
  8 orc priests
  4 giant frog skeletons
  2 iguanas
  10 worker ants
  11 orc wizards
  A killer bee zombie (D:7)
  A hound zombie (D:7)
  2 mummies (D:7)
  A hound skeleton (D:7)
  A worker ant zombie (D:5)
  11 adders
  6 gnolls
  A shadow imp (D:5)
  A giant mite (D:4)
  4 river rats (D:8)
  A worm (D:4)
  An adder zombie (D:7)
  9 giant geckos
  An ooze (D:3)
  50 orcs
  21 bats
  A bat skeleton (D:4)
  A bat zombie (D:6)
  6 giant cockroaches
  18 hobgoblins
  14 jackals
  10 quokkas
  A ball python (D:6)
  A giant gecko zombie (D:6)
  5 giant newts
  5 goblins
  14 kobolds
  A quokka zombie (D:7)
  19 rats
  6 ballistomycetes
  A fungus (D:8)
  4 plants
397 creatures vanquished.

Vanquished Creatures (collateral kills)
  3 orc knights (Bailey)
  3 orc warriors (Bailey)
  11 orcs (Bailey)
17 creatures vanquished.

Vanquished Creatures (others)
  An orc knight (Bailey)
  2 giant spores
3 creatures vanquished.

Grand Total: 417 creatures vanquished

Notes
Turn   | Place    | Note
--------------------------------------------------------------
     0 | D:1      | PolkaDot, the Spriggan Gladiator, began the quest for the Orb.
     0 | D:1      | Reached XP level 1. HP: 10/10 MP: 2/2
   286 | D:1      | Reached XP level 2. HP: 10/15 MP: 4/4
  1261 | D:2      | Noticed Sigmund
  1275 | D:2      | Killed Sigmund
  1275 | D:2      | Reached skill level 5 in Dodging
  1275 | D:2      | Reached XP level 3. HP: 17/19 MP: 6/6
  1275 | D:2      | Reached XP level 4. HP: 20/23 MP: 8/8
  1824 | D:2      | Reached XP level 5. HP: 14/27 MP: 10/10
  2552 | D:3      | Reached skill level 6 in Dodging
  3372 | D:4      | Noticed Chiseanne's ghost (average DsWz)
  3482 | D:4      | Found a sacrificial altar of Ru.
  3490 | D:4      | Found a shimmering altar of Xom.
  3493 | D:4      | Found a radiant altar of Vehumet.
  3513 | D:4      | Got a shimmering rapier
  3514 | D:4      | Identified the cursed +3 rapier "Egiom" {pierce, rPois SInv} (You found it on level 4 of the Dungeon)
  3579 | D:4      | Killed Chiseanne's ghost
  3579 | D:4      | Reached XP level 6. HP: 32/32 MP: 12/12
  3901 | D:4      | Noticed a slave
  3902 | D:4      | Noticed a slave
  3903 | D:4      | Noticed Pikel
  3903 | D:4      | Noticed a slave
  3904 | D:4      | Noticed a slave
  3945 | D:4      | Killed Pikel
  3945 | D:4      | Reached skill level 5 in Staves
  3945 | D:4      | Reached skill level 7 in Dodging
  3945 | D:4      | Reached XP level 7. HP: 25/37 MP: 14/14
  3959 | D:4      | Got a crude dagger
  4306 | D:5      | Entered Level 5 of the Dungeon
  4386 | D:5      | Found a staircase to the Ecumenical Temple.
  4410 | Temple   | Entered the Ecumenical Temple
  4578 | Temple   | Became a worshipper of Qazlal Stormbringer
  4650 | D:5      | Reached skill level 8 in Dodging
  4650 | D:5      | Reached XP level 8. HP: 31/42 MP: 16/16
  5004 | D:5      | Reached skill level 1 in Stealth
  5284 | D:5      | Acquired Qazlal's first power
  5898 | D:6      | Reached skill level 9 in Dodging
  6186 | D:6      | Reached XP level 9. HP: 38/46 MP: 18/18
  6316 | D:6      | Reached skill level 5 in Stealth
  6907 | D:6      | Learned a level 3 spell: Flight
  7179 | D:7      | Acquired Qazlal's second power
  7179 | D:7      | Reached skill level 10 in Dodging
  7476 | D:7      | Reached skill level 1 in Evocations
  8101 | D:7      | Reached XP level 10. HP: 29/51 MP: 22/22
  8254 | D:7      | Acquired Qazlal's third power
  8254 | D:7      | Reached skill level 11 in Dodging
  9055 | D:8      | Reached skill level 5 in Evocations
  9758 | D:8      | Found a staircase to the Lair.
  9785 | D:8      | Acquired Qazlal's fourth power
 10833 | D:9      | Reached skill level 12 in Dodging
 11398 | D:9      | Learned a level 6 spell: Deflect Missiles
 11452 | D:10     | Entered Level 10 of the Dungeon
 11754 | D:10     | Reached XP level 11. HP: 43/54 MP: 26/26
 11825 | D:10     | Noticed an unseen horror
 11852 | D:10     | Killed an unseen horror
 11852 | D:10     | Acquired Qazlal's fifth power
 12727 | D:10     | Reached skill level 10 in Staves
 12860 | D:11     | Found a staircase to the Orcish Mines.
 13150 | D:11     | Noticed a hill giant
 13487 | D:11     | Reached skill level 1 in Invocations
 14655 | D:11     | Killed a hill giant
 14670 | D:11     | Found a glowing golden altar of the Shining One.
 15092 | D:12     | Found a flagged portal.
 15099 | Bailey   | Entered a bailey
 15100 | Bailey   | Noticed Broomstick's ghost (experienced NaFi)
 15110 | Bailey   | Killed Broomstick's ghost
 15225 | Bailey   | Noticed Uberwunderbarhen's ghost (powerful SpEn)
 15245 | Bailey   | Reached skill level 10 in Evocations
 15264 | Bailey   | Killed Uberwunderbarhen's ghost
 15318 | Bailey   | Reached XP level 12. HP: 17/58 MP: 29/29
 15360 | Bailey   | Mangled by an orc warrior

Action                   |  1- 3 |  4- 6 |  7- 9 | 10-12 || total
-------------------------+-------+-------+-------+-------++-------
Melee: Quarterstaff      |    53 |   168 |   553 |  1131 ||  1905
       Rapier            |       |    47 |       |       ||    47
Throw: Throwing net      |       |     2 |     6 |     2 ||    10
Invok: Upheaval          |       |       |       |     2 ||     2
 Abil: Evoke Berserk Rag |       |     1 |     3 |     1 ||     5
Evoke: Wand              |       |       |     6 |     6 ||    12
  Use: Potion            |     3 |     6 |     1 |     8 ||    18
       Scroll            |       |     8 |     5 |    10 ||    23
 Stab: Sleeping          |     1 |     1 |       |       ||     2
       Held in net/web   |       |       |     2 |     4 ||     6
       Confused          |       |       |       |     1 ||     1
       Betrayed ally     |       |       |       |     1 ||     1
  Eat: Fruit             |       |     1 |     1 |     9 ||    11
       Bread ration      |       |       |     2 |       ||     2
